 Dungeon Crawl Stone Soup version 0.31.0 (webtiles) character file.

Game seed: 1646697935763091449

16497 Dirian the Severer (level 12, 0/165 HPs)
             Began as a Minotaur Berserker on Jan 19, 2024.
             Was the Champion of Trog.
             Succumbed to a green ugly thing's poison
             ... on level 12 of the Dungeon.
             The game lasted 00:18:03 (10451 turns).

Dirian the Severer (Minotaur Berserker)            Turns: 10451, Time: 00:18:03

Health: 0/165      AC: 18    Str: 27    XL:     12   Next: 10%
Magic:  11/11      EV: 10    Int:  4    God:    Trog [******]
Gold:   550        SH:  5    Dex: 16    Spells: 11/11 levels left

rFire   . . .        l - +5 battleaxe
rCold   . . .        (shield currently unavailable)
rNeg    . . .        x - +0 chain mail
rPois   .            (helmet restricted)
rElec   .            y - +0 cloak of Fortification {Will+ Stlth+}
rCorr   .            F - +0 pair of gloves
SInv    .            (no boots)
Will    +++..        f - amulet of reflection Stlth
                     b - +6 ring of dexterity
HPRegen 1.47/turn    p - +4 ring of protection
MPRegen 0.12/turn

%: reflection
@: berserking, lethally poisoned (0 -> -9), marked, strong-willed, regenerating,
very quick
A: horns 2, retaliatory headbutt
a: Renounce Religion, Berserk, Trog's Hand, Brothers in Arms


You were on level 12 of the Dungeon.
You worshipped Trog.
Trog was exalted by your worship.
You visited 1 branch of the dungeon, and saw 12 of its levels.
You also visited: Sewer and Bailey.

You collected 1286 gold pieces.
You spent 736 gold pieces at shops.

Inventory:

Hand Weapons
 a - a +1 broad axe
 k - a +1 war axe
 l - a +5 battleaxe (weapon)
Missiles
 v - 11 boomerangs (quivered)
 I - a throwing net
Armour
 x - a +0 chain mail (worn)
 y - the +0 cloak of Fortification (worn) {Will+ Stlth+}
   (You found it in a bailey)

   Will+:     It increases your willpower.
   Stlth+:    It makes you more stealthy.
 F - a +0 pair of gloves (worn)
Jewellery
 b - a +6 ring of dexterity (left hand)
 e - a ring of positive energy
 f - an amulet of reflection (around neck)
 p - a +4 ring of protection (right hand)
 G - a ring of protection from cold
Wands
 r - a wand of flame (8)
Scrolls
 g - 2 scrolls of revelation
 i - 2 scrolls of poison
 j - 4 scrolls of fear
 m - 2 scrolls of fog
 o - a scroll of immolation
 s - 5 scrolls of enchant armour
 t - 5 scrolls of teleportation
 z - 2 scrolls of blinking
Potions
 c - 3 potions of mutation
 d - 4 potions of might
 h - a potion of haste
 n - 2 potions of resistance
 q - 6 potions of curing
 u - a potion of ambrosia
 w - 5 potions of heal wounds
 A - 6 potions of enlightenment
 B - a potion of invisibility
 C - 4 potions of degeneration {unknown}
 D - a potion of attraction {unknown}
 E - a potion of lignification
 H - a potion of magic {unknown}


   Skills:
 + Level 11.0 Fighting
 + Level 16.5 Axes
 * Level 6.6 Throwing
 + Level 10.5 Armour
 - Level 2.1 Dodging
 * Level 3.4 Shields
 * Level 2.1 Evocations


You had 11 spell levels left.
You didn't know any spells.
Your spell library was empty.

Dungeon Overview and Level Annotations

Branches:
Dungeon (12/15) Zot: 26901  Temple (0/1) D:5            Lair (0/5) D:10
    Orc (0/2) D:11          Sewer (visited)          Bailey (visited)

Altars:
Dithmenos
Elyvilon
Gozag
Kikubaaqudgha
Makhleb
Ru
Vehumet
Wu Jian
Yredelemnul

Shops:
D:2 (   D:7 !(?!=   D:8 *

Annotations:
D:12 Sonja


Innate Abilities, Weirdness & Mutations

You have a pair of horns on your head.
You reflexively headbutt those who attack you in melee.


Message History

* * * LOW HITPOINT WARNING * * *
The troll claws you but does no damage. The troll claws you.
* * * LOW HITPOINT WARNING * * *
A tengu warrior comes into view.
It is wielding a +0 long sword and wearing a +2 kite shield of cold resistance.
You slice the cyclops!!
The cyclops is almost dead.
You closely miss the troll. You slice the green ugly thing!!
* * * LOW HITPOINT WARNING * * *
You feel very sick.
You block the green ugly thing's attack.
The cyclops hits you.
* * * LOW HITPOINT WARNING * * *
You carve the cyclops like a ham!!!
You kill the cyclops!
Trog accepts your kill.
You slash the troll! You hit the green ugly thing.
* * * LOW HITPOINT WARNING * * *
You feel very sick. The troll bites you.
* * * LOW HITPOINT WARNING * * *
You block the troll's attack. The troll claws you but does no damage.
The green ugly thing trunk-slaps you but does no damage.
You slice the green ugly thing!!
You kill the green ugly thing!
Trog accepts your kill.
You slash the troll!
You kill the troll!
Trog accepts your kill.
* * * LOW HITPOINT WARNING * * *
You feel very sick.
Your Fighting skill increases to level 11!
Your Evocations skill increases to level 2!
You are too berserk!
You are too berserk!
* * * LOW HITPOINT WARNING * * *
You feel very sick.
You are too berserk!
You are too berserk!
You feel a strong urge to attack something.
You die...

...#... ..
.##......#.#
........K.#.#
.........##.#
.........##.# ..
.>#.....).##.#
......###.###.##.#
............†(†..#
#........###.##.@#
#...####..##.##..####
......##..##.#)..Q..#
.......#..##)#)####.#
....#...#..#.))# #
..............##
.(...##.............
...#................
.......#............


You could see a tengu warrior.

Vanquished Creatures
  2 two-headed ogres (D:10)
  Pikel (D:6)
  An orc knight (Bailey)
  2 ugly things
  A cyclops (D:12)
  A manticore (D:11)
  An unseen horror (D:11)
  A gargoyle (D:12)
  4 kobold demonologists
  Jeremiah (D:6)
  A rime drake (D:10)
  Psyche (D:12)
  3 trolls
  A hornet (D:8)
  A polar bear (D:10)
  Grinder (D:4)
  2 shadows
  A wyvern (D:7)
  12 yaks
  A steam dragon (D:8)
  4 vampire mosquitoes (D:12)
  Menkaure (D:4)
  An acid dragon (D:8)
  Duvessa (D:7)
  6 orc warriors
  Pargi (Sewer)
  2 sky beasts
  A black bear (D:6)
  7 ice beasts
  3 wolves (D:10)
  An ogre (D:5)
  9 centaurs
  5 kobold brigands
  4 lemures (D:6)
  A brain worm (Sewer)
  3 bullfrogs
  3 gnoll sergeants
  2 scorpions
  10 wights
  Dowan (D:7)
  7 killer bees
  3 howler monkeys
  5 hounds
  6 jellies
  2 bombardier beetles (D:6)
  2 gnoll boudas
  4 orc priests
  5 iguanas
  Terence (D:2)
  13 orc wizards
  A statue (D:8)
  Robin (D:2)
  31 gnolls
  5 adders
  A white imp (D:6)
  3 dart slugs
  4 ribbon worms
  39 orcs
  14 ball pythons
  7 endoplasms
  5 giant cockroaches
  20 goblins
  19 hobgoblins
  7 jackals
  25 kobolds
  A quokka (D:5)
  8 bats
  6 frilled lizards
  8 rats
358 creatures vanquished.

Vanquished Creatures (others)
  A yak (D:12)
1 creature vanquished.

Grand Total: 359 creatures vanquished

Notes
Turn   | Place    | Note
-------+----------+-------------------------------------------
     0 | D:1      | Dirian the Minotaur Berserker began the quest for the Orb.
     0 | D:1      | Reached XP level 1. HP: 19/19 MP: 0/0
    92 | D:1      | Found a faded altar of an unknown god.
   156 | D:1      | Reached XP level 2. HP: 23/27 MP: 1/1
   157 | D:1      | Reached skill level 4 in Axes
   479 | D:1      | Reached XP level 3. HP: 23/34 MP: 2/2
   564 | D:1      | Reached ** piety under Trog
  1298 | D:2      | Noticed Terence
  1300 | D:2      | Reached XP level 4. HP: 37/41 MP: 3/3
  1307 | D:2      | Killed Terence
  1308 | D:2      | Reached skill level 5 in Fighting
  1308 | D:2      | Reached skill level 5 in Axes
  1344 | D:2      | Found Neinie Kiaff's Antique Weapon Shoppe.
  1355 | D:2      | Identified the +1 helmet "Mamea" {^Contam Harm Str+7 Int+3}
  1355 | D:2      | Noticed Robin
  1367 | D:2      | Killed Robin
  1536 | D:2      | Found a sacrificial altar of Ru.
  1942 | D:3      | Reached XP level 5. HP: 48/48 MP: 4/4
  2084 | D:3      | Reached *** piety under Trog
  2166 | D:3      | Reached skill level 6 in Axes
  2571 | D:4      | Noticed Menkaure
  2577 | D:4      | Reached XP level 6. HP: 56/56 MP: 5/5
  2589 | D:4      | Killed Menkaure
  2590 | D:4      | Reached skill level 7 in Axes
  2779 | D:4      | Found a burning altar of Makhleb.
  2853 | D:4      | Found a glowing drain.
  2859 | D:4      | Reached **** piety under Trog
  2861 | Sewer    | Entered a sewer
  2870 | Sewer    | Reached XP level 7. HP: 61/62 MP: 6/6
  2904 | Sewer    | Noticed Pargi
  2908 | Sewer    | Killed Pargi
  2909 | Sewer    | Reached skill level 5 in Armour
  3116 | D:4      | Reached skill level 8 in Axes
  3166 | D:4      | Noticed Grinder
  3173 | D:4      | Killed Grinder
  3219 | D:4      | Found a white marble altar of Elyvilon.
  3557 | D:5      | Entered Level 5 of the Dungeon
  3564 | D:5      | Found a staircase to the Ecumenical Temple.
  3571 | D:5      | Reached XP level 8. HP: 31/71 MP: 7/7
  3697 | D:5      | Reached skill level 9 in Axes
  4114 | D:5      | Found an ornate altar of the Wu Jian Council.
  4161 | D:5      | Found a basalt altar of Yredelemnul.
  4226 | D:6      | Reached skill level 10 in Axes
  4234 | D:6      | Reached ***** piety under Trog
  4376 | D:6      | Found a shadowy altar of Dithmenos.
  4381 | D:6      | Noticed Jeremiah
  4397 | D:6      | Killed Jeremiah
  4543 | D:6      | Reached XP level 9. HP: 79/79 MP: 8/8
  4544 | D:6      | Reached skill level 11 in Axes
  4580 | D:6      | Noticed Pikel
  4598 | D:6      | Killed Pikel
  5270 | D:7      | Found Ypuupp's Magic Scroll Shop.
  5277 | D:7      | Found Liba's Weapon Boutique.
  5279 | D:7      | Bought a scroll of enchant armour for 90 gold pieces
  5341 | D:7      | Found a flagged portal.
  5357 | Bailey   | Entered a bailey
  5445 | Bailey   | Reached skill level 12 in Axes
  5445 | Bailey   | Noticed an orc knight
  5454 | Bailey   | Reached skill level 1 in Throwing
  5458 | Bailey   | Killed an orc knight
  5478 | Bailey   | Identified the +0 cloak of Fortification {Will+ Stlth+}
  5721 | Bailey   | Identified the +11 spear of Exupt {flame, *Rage rCorr Int-3
                  | Stlth+}
  5986 | D:7      | Found Xawnoeh's Distillery.
  5993 | D:7      | Bought a potion of resistance for 140 gold pieces
  5993 | D:7      | Bought a potion of haste for 140 gold pieces
  5993 | D:7      | Bought a potion of curing for 42 gold pieces
  5993 | D:7      | Bought a potion of resistance for 140 gold pieces
  5993 | D:7      | Bought a potion of lignification for 42 gold pieces
  6068 | D:7      | Noticed Dowan
  6069 | D:7      | Noticed Duvessa
  6076 | D:7      | Killed Duvessa
  6078 | D:7      | Killed Dowan
  6112 | D:7      | Found Qoaklan's Distillery.
  6121 | D:7      | Bought a potion of might for 60 gold pieces
  6121 | D:7      | Bought a potion of might for 60 gold pieces
  6149 | D:7      | Reached skill level 13 in Axes
  6149 | D:7      | Reached XP level 10. HP: 90/90 MP: 9/9
  6155 | D:7      | Found Alabeb's Jewellery Shop.
  6670 | D:8      | Found an opulent altar of Gozag.
  6810 | D:8      | Found Xiunt's Assorted Antiques.
  6838 | D:8      | Bought a yellow potion for 22 gold pieces
  7361 | D:8      | Found a radiant altar of Vehumet.
  7738 | D:9      | Reached skill level 14 in Axes
  8666 | D:10     | Entered Level 10 of the Dungeon
  8666 | D:10     | Noticed a two-headed ogre
  8671 | D:10     | Killed a two-headed ogre
  8751 | D:10     | Reached skill level 10 in Fighting
  8751 | D:10     | Reached XP level 11. HP: 84/99 MP: 10/10
  8770 | D:10     | Noticed a two-headed ogre
  8780 | D:10     | Killed a two-headed ogre
  8790 | D:10     | Reached skill level 5 in Throwing
  8926 | D:10     | Reached ****** piety under Trog
  9045 | D:10     | Found an ancient bone altar of Kikubaaqudgha.
  9225 | D:10     | Found a staircase to the Lair.
  9231 | D:10     | Reached skill level 15 in Axes
  9239 | D:10     | Reached skill level 1 in Shields
  9702 | D:11     | Reached skill level 10 in Armour
 10009 | D:11     | Noticed a purple ugly thing
 10021 | D:11     | Killed a purple ugly thing
 10029 | D:11     | Received a gift from Trog
 10306 | D:11     | Found a staircase to the Orcish Mines.
 10396 | D:12     | Reached skill level 16 in Axes
 10408 | D:12     | Reached skill level 1 in Evocations
 10427 | D:12     | Noticed Psyche
 10430 | D:12     | Noticed Sonja
 10436 | D:12     | Noticed a green ugly thing
 10440 | D:12     | Killed Psyche
 10441 | D:12     | Reached XP level 12. HP: 44/108 MP: 11/11
 10446 | D:12     | Noticed a tengu warrior
 10448 | D:12     | HP: 6/162 [troll (4)]
 10450 | D:12     | HP: 2/165 [poisoned by a green ugly thing]
 10451 | D:12     | Succumbed to a green ugly thing's poison

Illustrated notes

Levels and vault maps discovered:
D:1:      arrival_zaba_pyramid, layout_loops_ring, shapermc_ecumenical_altar_gd,
          grunt_decor_resistance, minmay_misc_feat_x
D:2:      layout_loops_ring, basic_altar, serial_shops, shop,
          kennysheep_generic_room_4, uniq_terence, uniq_robin
D:3:      layout_loops_ring
D:4:      layout_loops_ring, lemuel_crystal_altar, marbit_many_paths,
          portal_sewer_entry_e, serial_forest, infiniplex_forest_straight_4,
          infiniplex_forest_clump_large, infiniplex_forest_corner_1,
          infiniplex_forest_clump_curved, infiniplex_forest_lined_ring,
          infiniplex_forest_straight_3, infiniplex_forest_lined_3_way,
          uniq_menkaure, uniq_grinder
D:5:      layout_rooms, mainiacjoe_overflow_alcove_1, general_overflow_altar,
          minmay_temple_entry_junction, minmay_misc_feat_hallway
D:6:      layout_cave_pods, grunt_dithmenos_smoke, moated_statue, uniq_pikel,
          uniq_jeremiah
D:7:      layout_basic, serial_shops, shop, nicolae_shop_statue_plus, shop,
          nicolae_square_shop, shop, enter_bailey_4, uniq_duvessa
D:8:      layout_basic, lemuel_round_altar, vehumet_statue, serial_shops,
          shop_statue
D:9:      layout_basic
D:10:     layout_rooms, mainiacjoe_overflow_brackets, hellmonk_lair_entry_icy,
          dk_noncrumbling_3
D:11:     layout_roguey, orc_0_dummy
D:12:     minmay_open_boxes_in_corner, layout_rooms, uniq_sonja, uniq_psyche

Skill      XL: |  1  2  3  4  5  6  7  8  9 10 11 12 |
---------------+-------------------------------------+-----
Fighting       | 4 5 6 7 8 10 11 | 11.0
Axes           | 4 5 6 7 8 10 13 14 16 | 16.5
Armour         | 3 4 6 7 8 9 10 | 10.5
Throwing       | 2 4 6 |  6.6
Shields        | 3 |  3.4
Evocations     | 1 2 |  2.1
Dodging        | |  2.1

Action                     |  1- 3 |  4- 6 |  7- 9 | 10-12 || total
---------------------------+-------+-------+-------+-------++-------
  Melee: Hand axe          |    74 |    30 |       |       ||   104
         Headbutt          |     5 |    21 |    36 |    48 ||   110
         Punch             |     1 |     1 |     3 |       ||     5
         War axe           |       |    75 |    24 |       ||    99
         Broad axe         |       |       |   162 |    59 ||   221
         Battleaxe         |       |       |    10 |   218 ||   228
  Throw: Boomerang         |       |       |     4 |       ||     4
 Invoke: Berserk           |       |     3 |     3 |     4 ||    10
         Trog's Hand       |       |       |       |     2 ||     2
    Use: Scroll            |       |    10 |     4 |     4 ||    18
         Potion            |       |       |       |     1 ||     1
 Armour: Animal skin       |    31 |       |       |       ||    31
         Scale mail        |    13 |    68 |   151 |    69 ||   301
         Chain mail        |       |       |       |   235 ||   235
  Dodge: Dodged            |    45 |    67 |   116 |   146 ||   374
  Block: Other             |       |       |       |    47 ||    47
         Reflection        |       |       |       |     4 ||     4
